AoeStats
← 天皇笑川

Black Forest

508431232Analyzed
4v4 RM · 10d ago on Sep 22, 2026· 55m 4s· 8 players
Game mode
Random Map
Map size
Large (8 player)
Population
200
Speed
Normal
Resources
Standard
Victory
Conquest
Starting age
Dark Age
Ending age
Imperial Age
RankedLock teamsTeams togetherTeam positionsShared explorationLock speedFull tech treeHidden civsTurbo modeCheats
Victory
Defeat
🇨🇳 Bohemians · China
664
+13
🇬🇧 Persians · United Kingdom
639
+14
🇬🇧 Teutons · United Kingdom
618
+15
🇷🇴 Huns · Romania
556
+18
🇭🇰 Khmer · Hong Kong SAR China
617
-16
🇦🇺 Byzantines · Australia
611
-16
🇦🇷 Franks · Argentina
580
-14
🇦🇷 Japanese · Argentina
569
-14
Pain
1:22 Loom
16:56 Feudal Age
17:51 Double-Bit Axe
17:49 Horse Collar
18:14 Fishing Lines
19:58 Wheelbarrow
24:36 Castle Age
27:54 Hand Cart
27:44 Heavy Plow
27:57 Bow Saw
29:03 Gillnets
32:59 Bloodlines
33:39 Forging
33:35 Scale Barding Armor
36:07 Iron Casting
35:53 Chain Barding Armor
37:27 Caravan
40:51 Masonry
40:52 Fortified Wall
41:03 Ballistics
41:51 Gold Mining
41:54 Stone Mining
45:31 Imperial Age
42:49 Town Watch
43:39 Town Patrol
44:16 Scale Mail Armor
45:35 Cavalier
47:22 Blast Furnace
46:57 Plate Barding Armor
47:28 Two-Man Saw
47:01 Crop Rotation
48:17 Paladin
52:24 Siege Engineers
54:35 Conscription
54:56 Hoardings
54:45 Ironclad
54:49 Crenellations
53:52 Elite Teutonic Knight
kevin_murray2
13:09 Feudal Age
14:40 Wheelbarrow
13:47 Horse Collar
13:55 Double-Bit Axe
22:08 Castle Age
20:11 Stone Mining
20:46 Gold Mining
22:50 Hand Cart
22:48 Bow Saw
22:40 Heavy Plow
27:29 Crossbowman
28:30 Padded Archer Armor
28:24 Fletching
33:17 Kamandaran
40:07 Leather Archer Armor
39:48 Bodkin Arrow
41:17 Thumb Ring
41:17 Kamandaran
44:00 Leather Archer Armor
43:41 Bodkin Arrow
45:42 Caravan
51:06 Imperial Age
48:32 Town Watch
50:12 Bloodlines
50:03 Husbandry
50:12 Scale Barding Armor
50:09 Scale Mail Armor
52:08 Chain Barding Armor
52:21 Conscription
skylercix
11:33 Feudal Age
11:59 Double-Bit Axe
11:55 Horse Collar
18:20 Castle Age
16:42 Stone Mining
19:37 Bow Saw
19:28 Heavy Plow
22:07 Wheelbarrow
29:47 Hand Cart
33:26 Imperial Age
32:08 Marauders
32:36 Forging
32:31 Scale Barding Armor
34:28 Iron Casting
34:32 Conscription
33:36 Elite Tarkan
34:19 Husbandry
34:29 Bloodlines
35:48 Two-Man Saw
35:54 Light Cavalry
36:42 Murder Holes
36:59 Gold Mining
38:45 Gold Shaft Mining
38:33 Chain Barding Armor
39:13 Blast Furnace
40:31 Caravan
41:02 Hussar
43:01 Plate Barding Armor
天皇笑川
0:33 Loom
13:10 Feudal Age
13:52 Horse Collar
14:57 Double-Bit Axe
17:39 Wheelbarrow
20:41 Fishing Lines
23:14 Castle Age
24:59 Bow Saw
25:11 Heavy Plow
31:14 Imperial Age
31:20 Imperial Age
30:39 Hand Cart
31:14 Caravan
33:20 Gillnets
35:15 Chemistry
33:56 Treadmill Crane
34:11 Murder Holes
34:21 Siege Engineers
34:27 Masonry
34:38 Ballistics
35:30 Onager
37:42 Houfnice
40:44 Elite Hussite Wagon
tingchunng
9:48 Feudal Age
10:45 Horse Collar
15:39 Double-Bit Axe
21:17 Castle Age
21:11 Stone Mining
21:14 Gold Mining
22:24 Heavy Plow
22:36 Bow Saw
27:03 Wheelbarrow
29:27 Stone Shaft Mining
31:32 Caravan
35:21 Imperial Age
34:33 Gold Shaft Mining
35:29 Hand Cart
36:19 Heavy Scorpion
37:51 Fishing Lines
ToveLo
12:19 Feudal Age
13:37 Wheelbarrow
15:22 Fishing Lines
19:20 Double-Bit Axe
25:10 Castle Age
23:39 Scale Barding Armor
23:45 Scale Barding Armor
23:38 Stone Mining
26:25 Hand Cart
26:23 Bow Saw
26:31 Horse Collar
26:44 Gillnets
28:36 Gold Mining
29:22 Stone Shaft Mining
29:09 Chain Barding Armor
29:48 Fortified Wall
32:46 Imperial Age
31:45 Gold Shaft Mining
31:45 Caravan
33:35 Heavy Plow
34:38 Two-Man Saw
33:48 Treadmill Crane
35:10 Chemistry
36:10 Conscription
36:53 Bombard Tower
42:36 Ballistics
Khavy7047
14:16 Feudal Age
19:53 Castle Age
23:31 Double-Bit Axe
23:33 Horse Collar
39:04 Imperial Age
39:54 Elite Samurai
41:02 Heavy Scorpion
46:24 Kataparuto
Mannu5899
12:18 Feudal Age
12:33 Man-at-Arms
14:27 Wheelbarrow
13:42 Double-Bit Axe
18:14 Scale Barding Armor
24:27 Gold Mining
27:37 Scale Mail Armor
32:57 Castle Age
33:51 Husbandry
34:50 Forging
41:30 Hand Cart
44:04 Masonry
43:55 Stone Mining
44:19 Bow Saw
48:10 Imperial Age
46:23 Ballistics
49:11 Cavalier
52:31 Chain Barding Armor
Connection lost

Rejoining the realm…

Still unreachable

The connection could not be restored.

Session expired

The server has moved on; the page needs a fresh start.